 Dungeon Crawl Stone Soup version 0.17-a0-1181-gabc46e6 (webtiles) character file.

373 Herrn the Covered (level 6, -2/57 HPs)
             Began as a Naga Fighter on June 1, 2015.
             Slain by a river rat (3 damage)
             ... in a sewer.
             The game lasted 00:07:00 (2569 turns).

Herrn the Covered (Naga Fighter)                    Turns: 2569, Time: 00:07:02

Health: -2/57      AC:  7    Str: 18    XL:     6   Next: 72%
Magic:  6/6        EV:  3    Int:  9    God:
Gold:   20         SH:  9    Dex: 12    Spells: 0 memorised, 5 levels left

rFire  . . .     SeeInvis +     a - +1 war axe
rCold  . . .     Clarity  .     o - +0 chain mail
rNeg   . . .     SustAt   .     c - +0 shield
rPois  +         Gourm    .     (no helmet)
rElec  .         Spirit   .     (no cloak)
rCorr  .         Warding  .     (no gloves)
rMut   .         Stasis   .     (no barding)
MR     .....                    (no amulet)
Stlth  ..........               (no ring)
                                (no ring)

@: very slow, not resistant to hostile enchantments, extremely unstealthy
A: see invisible, deformed body, poison resistance, slowness 2, slow metabolism
1, spit poison 2, AC +2
a: Spit Poison


You were in a sewer.
You were not hungry.

You visited 1 branch of the dungeon, and saw 3 of its levels.
You also visited: Sewer.

You collected 20 gold pieces.

Inventory:

Hand weapons
 a - a +1 war axe (weapon)
Armour
 c - a +0 shield (worn)
 o - a +0 chain mail (worn)
Jewellery
 b - an uncursed ring of wizardry {unknown}
 l - an uncursed ring of fire {unknown}
Magical devices
 i - a wand of random effects (48)
Scrolls
 d - a scroll of enchant armour
 g - 2 scrolls of random uselessness
 h - a scroll of fog
 j - 2 scrolls of identify
 p - a scroll of recharging
Potions
 f - 2 potions of magic
 k - a potion of brilliance {unknown}
 q - a potion of flight {unknown}
Comestibles
 m - 2 meat rations
 n - 3 royal jellies


   Skills:
 + Level 4.0 Fighting
 * Level 3.2 Axes
 + Level 4.3 Armour
 + Level 1.3 Dodging
 + Level 3.2 Shields


You had 5 spell levels left.
You didn't know any spells.

Dungeon Overview and Level Annotations

Branches:
Dungeon (3/15)

Altars:
Ashenzari
Cheibriados
Makhleb
Qazlal
Trog
Xom
Zin
The Shining One


Innate Abilities, Weirdness & Mutations

You cannot wear boots.
Your serpentine skin is tough (AC +2).
You have supernaturally acute eyesight.
Armour fits poorly on your strangely shaped body.
Your system is resistant to poisons.
You cover ground very slowly.
You have a slow metabolism.
You can spit poison.


Message History

Evoke which item? (* to show all) (? for menu, Esc to quit)
Okay, then.
Drink which item? (? for menu, Esc to quit)
Your magic is already full.
Drink which item? (? for menu, Esc to quit)
Okay, then.
You slash the river rat!
You kill the river rat!
You hit the river rat.
The river rat is almost dead.
The river rat bites you but does no damage.
You block the rat's attack.
You closely miss the river rat.
The river rat is almost dead.
You hit the rat.
You kill the rat!
The river rat bites you.
* * * LOW HITPOINT WARNING * * *
The river rat bites you.
You die... ################ ≈≈....†@rr∩....# ################

You could see a river rat and a rat.

Vanquished Creatures
  Sigmund (D:3)
  2 orc priests (D:3)
  Jessica (D:2)
  5 adders
  3 river rats
  4 worms (D:3)
  3 orcs (D:3)
  4 giant cockroaches
  4 goblins
  4 hobgoblins
  2 jackals (D:1)
  7 kobolds
  3 ball pythons (D:1)
  3 bats
  A giant gecko (D:1)
  4 giant newts
  6 rats
57 creatures vanquished.

Notes
Turn   | Place    | Note
--------------------------------------------------------------
     0 | D:1      | Herrn the Naga Fighter began the quest for the Orb.
     0 | D:1      | Reached XP level 1. HP: 21/21 MP: 1/1
   348 | D:1      | Reached XP level 2. HP: 28/28 MP: 2/2
   968 | D:2      | Noticed Jessica
   982 | D:2      | Killed Jessica
   982 | D:2      | Reached XP level 3. HP: 19/34 MP: 3/3
  1240 | D:2      | Reached XP level 4. HP: 33/42 MP: 4/4
  2123 | D:3      | Reached XP level 5. HP: 22/49 MP: 5/5
  2373 | D:3      | Found a glowing silver altar of Zin.
  2374 | D:3      | Found a bloodstained altar of Trog.
  2375 | D:3      | Found a shimmering altar of Xom.
  2376 | D:3      | Found a burning altar of Makhleb.
  2376 | D:3      | Found a snail-covered altar of Cheibriados.
  2377 | D:3      | Found a shattered altar of Ashenzari.
  2377 | D:3      | Found a stormy altar of Qazlal.
  2379 | D:3      | Found a glowing golden altar of the Shining One.
  2389 | D:3      | Noticed Sigmund
  2396 | D:3      | Killed Sigmund
  2396 | D:3      | Reached skill level 4 in Armour
  2396 | D:3      | Reached skill level 1 in Dodging
  2396 | D:3      | Reached XP level 6. HP: 42/57 MP: 6/6
  2501 | D:3      | Found a glowing drain.
  2558 | Sewer    | Entered a sewer
  2569 | Sewer    | HP: 1/57 [river rat (4)]
  2569 | Sewer    | Slain by a river rat

Vault maps used:
D:1:      evilmike_arrival_crescent
D:2:      uniq_jessica
D:3:      grunt_temple_overflow_open, gup_sewer_entry_bubbles, first_bread,
          tso_altar, uniq_sigmund
Sewer:    sewer_kobolds

Action                   |  1- 3 |  4- 6 || total
-------------------------+-------+-------++-------
Melee: War axe           |    57 |   129 ||   186
 Abil: Spit Poison       |    15 |     8 ||    23
  Use: Scroll            |     2 |     6 ||     8
       Potion            |       |     3 ||     3
  Eat: Chunk             |       |     2 ||     2
       Bread ration      |       |     1 ||     1
